 Dungeon Crawl Stone Soup version 0.30-a0-335-ge5acde7520 (webtiles) character file.

Game seed: 16968964801705955198

190 billz999 the Sneak (level 5, -4/31 (35) HPs)
             Began as a Vampire Earth Elementalist on Oct 31, 2022.
             Slain by Duvessa
             ... wielding a +2 short sword of holy wrath
              (11 damage)
             ... on level 4 of the Dungeon.
             The game lasted 00:09:10 (3346 turns).

billz999 the Sneak (Vampire Earth Elementalist)     Turns: 3346, Time: 00:09:11

HP:   -4/31 (35)    AC:  4    Str:  7    XL:     5   Next: 41%
MP:   8/8           EV: 12    Int: 25    God:
Gold: 203           SH:  0    Dex: 15    Spells: 3/8 levels left

rFire   . . .      SeeInvis +    p - +0 dagger (venom)
rCold   . . .      Faith    .    (no shield)
rNeg    . . .      Spirit   .    a - +0 robe
rPois   .          Reflect  .    t - +1 helmet
rElec   .          Harm     .    (no cloak)
rCorr   .          Rampage  .    (no gloves)
Will    .....                    (no boots)
Stlth   +++.......               (no amulet)
HPRegen 0.45/turn                c - +6 ring of intelligence
MPRegen 0.11/turn                (no ring)

@: very slightly contaminated, healing quickly, heavily drained
A: alive, fangs 3, see invisible, vampiric 2
a: Exsanguinate


You were on level 4 of the Dungeon.
You visited 1 branch of the dungeon, and saw 4 of its levels.
You also visited: Ossuary.

You collected 203 gold pieces.

Inventory:

Hand Weapons
 m - a +2 short sword of flaming
 p - a +0 dagger of venom (weapon)
Missiles
 i - 9 poisoned darts
Armour
 a - a +0 robe (worn)
 e - a +0 helmet
 t - a +1 helmet (worn)
Jewellery
 c - a +6 ring of intelligence (left hand)
Scrolls
 d - 2 scrolls of summoning
 g - 2 scrolls of fear
 j - a scroll of butterflies
 k - 3 scrolls of enchant weapon
 q - a scroll of amnesia
 r - a scroll of noise
 u - a scroll of brand weapon {unknown}
 v - a scroll of poison {unknown}
 x - a scroll of magic mapping {unknown}
Potions
 f - a potion of curing
 h - a potion of berserk rage {unknown}
 l - a potion of attraction {unknown}
 n - a potion of ambrosia {unknown}
 o - 2 potions of heal wounds {unknown}
 s - a potion of cancellation {unknown}
 w - a potion of resistance {unknown}


   Skills:
 - Level 2.1 Dodging
 + Level 5.6 Stealth
 - Level 2.0 Spellcasting
 * Level 4.9 Transmutations
 - Level 3.0 Earth Magic


You had 3 spell levels left.
You knew the following spells:

 Your Spells              Type           Power      Damage    Failure   Level
a - Sandblast             Erth           34%        2d9       3%          1
b - Petrify               Tmut/Erth      22%        N/A       22%         4

Your spell library contained the following spells:

 Spells                   Type           Power      Damage    Failure   Level
 Passwall                 Tmut/Erth      18%        N/A       3%          2
 Stone Arrow              Conj/Erth      20%        3d8       19%         3


Dungeon Overview and Level Annotations

Branches:
Dungeon (4/15)            Ossuary (visited)
 Temple: D:4-7

Altars:
Trog

Annotations:
D:3 Ijyb, Robin
D:4 Dowan, Duvessa


Innate Abilities, Weirdness & Mutations

Your natural rate of healing is accelerated.
You have razor-sharp teeth.
You have supernaturally acute eyesight. (SInv)
You are afflicted with vampirism and can become a bat while bloodless.


Message History

The spell is extremely dangerous to miscast (22% risk of failure)!
Continue anyway?
Aiming: Petrify (extremely dangerous; 22% risk of failure)
Press: ? - help, Shift-Dir - straight line, f - Dowan
Aim: Dowan, wielding a +0 dagger and wearing a +0 robe (chance to affect: 54%) Dowan resists with significant effort.
Dowan barely misses you. Dowan attacks as you move away!
Dowan hits you but does no damage.
Dowan casts a spell.
Dowan blinks!
Casting: Petrify (extremely dangerous; 22% risk of failure)
Confirm with . or Enter, or press ? or * to list all spells.
The spell is extremely dangerous to miscast (22% risk of failure)!
Continue anyway?
Aiming: Petrify (extremely dangerous; 22% risk of failure)
Press: ? - help, Shift-Dir - straight line, f - Duvessa
Aim: Duvessa, wielding a +2 short sword of holy wrath and wearing a +0 leather armour (chance to affect: 37%)
You miscast Petrify.
You are very lightly contaminated with residual magic.
Nothing appears to happen.
You hit Duvessa but do no damage.
Duvessa is poisoned.
Duvessa hits you with a +2 short sword of holy wrath.
You convulse.
You hit Duvessa.
Duvessa looks as sick as possible!
Duvessa is lightly wounded.
Duvessa misses you. Duvessa attacks as you move away!
Duvessa hits you with a +2 short sword of holy wrath.
You convulse.
Dowan casts a spell.
Dowan blinks!
Magic courses through your body. Duvessa barely misses you.
Casting: Petrify (extremely dangerous; 22% risk of failure)
Confirm with . or Enter, or press ? or * to list all spells.
Aiming: Sandblast (safe; 3% risk of failure)
Press: ? - help, Shift-Dir - straight line, f/p - Duvessa
Aim: Duvessa, wielding a +2 short sword of holy wrath and wearing a +0 leather armour (heavily wounded, very poisoned, 84% to hit)
The blast of sand hits Duvessa.
Duvessa is heavily wounded.
Duvessa hits you with a +2 short sword of holy wrath!
* * * LOW HITPOINT WARNING * * *
You convulse!
You die...

#.##.#### #
.#...h...##.#
............#
#####.##.##.#
# #.##.#
#.##.# #h##.#
#e##.###
#.@....#
####.#.#
#.#.# #.#.#
#†#.# # #†#.#
###.####
#.#.# .. ...#
#.#.#
#.##.####
..#.#


You could see Duvessa (very poisoned) and a hound.

Vanquished Creatures
  A human zombie (D:4)
  A mummy (Ossuary)
  3 worms (D:2)
  A dart slug (D:1)
  An orc (D:4)
  4 spectral bats (Ossuary)
  5 endoplasms
  3 giant cockroaches (D:1)
  12 gnoll zombies (Ossuary)
  12 goblins
  7 hobgoblins
  14 jackals
  4 quokkas
  6 ball pythons
  10 bats
  3 bat simulacra (Ossuary)
  A frilled lizard (D:2)
  3 goblin simulacra (Ossuary)
  5 goblin zombies (Ossuary)
  6 hobgoblin zombies (Ossuary)
  5 kobolds
  3 kobold simulacra (Ossuary)
  4 kobold zombies (Ossuary)
  2 orc skeletons (D:4)
  3 orc zombies (Ossuary)
  7 rats
  2 rat simulacra (Ossuary)
  A spectral goblin (Ossuary)
  4 spectral rats (Ossuary)
133 creatures vanquished.

Vanquished Creatures (others)
  A rat (D:3)
1 creature vanquished.

Grand Total: 134 creatures vanquished

Notes
Turn   | Place    | Note
-------+----------+-------------------------------------------
     0 | D:1      | billz999 the Vampire Earth Elementalist began the quest for
                  | the Orb.
     0 | D:1      | Reached XP level 1. HP: 13/13 MP: 3/3
   100 | D:1      | Found a faded altar of an unknown god.
   114 | D:1      | Reached XP level 2. HP: 19/19 MP: 0/5
   534 | D:1      | Reached skill level 4 in Stealth
   534 | D:1      | Gained mutation: You are afflicted with vampirism and can
                  | become a bat while bloodless. [Vampire growth]
   534 | D:1      | Reached XP level 3. HP: 20/24 MP: 0/6
  1572 | D:2      | Reached XP level 4. HP: 30/30 MP: 5/7
  1796 | D:2      | Found a bloodstained altar of Trog.
  2193 | D:3      | Noticed Robin
  2212 | D:3      | Noticed an ogre
  2387 | D:3      | Noticed Ijyb
  2535 | D:4      | Found a sand-covered staircase.
  2544 | D:4      | Learned a level 4 spell: Petrify
  2545 | Ossuary  | Entered an ossuary
  2626 | Ossuary  | Reached skill level 5 in Stealth
  2815 | Ossuary  | Reached XP level 5. HP: 25/28 MP: 3/8
  3328 | D:4      | Noticed Dowan
  3333 | D:4      | Noticed Duvessa
  3346 | D:4      | Slain by Duvessa

Illustrated notes

Levels and vault maps discovered:
D:1:      evilmike_arrival_plus, layout_loops_cross,
          dreamdust_ecumenical_altar_grove
D:2:      layout_basic, basic_altar, minmay_box_of_dots
D:3:      layout_loops_cross, uniq_ijyb, uniq_robin
D:4:      layout_loops_ring, nicolae_ossuary_entry_catacombs,
          uniq_crazy_yiuf_cottage, uniq_menkaure, uniq_duvessa

Skill      XL: |  1  2  3  4 |
---------------+-------------+-----
Transmutations | 2 3 4 |  4.9
Stealth        | 4 5 |  5.6
Dodging        | |  2.1
Spellcasting   | |  2.0
Earth Magic    | |  3.0

Action                   |  1- 3 |  4- 6 || total
-------------------------+-------+-------++-------
Melee: Unarmed           |    39 |       ||    39
       Bite              |     6 |    28 ||    34
       Punch             |     1 |     4 ||     5
       Dagger            |       |   223 ||   223
       Short sword       |       |     5 ||     5
 Cast: Sandblast         |    73 |    56 ||   129
       Petrify           |       |     1 ||     1
  Use: Scroll            |       |     6 ||     6
       Potion            |       |     2 ||     2
 Stab: Sleeping          |     1 |    12 ||    13
Armor: Robe              |    29 |    94 ||   123
Dodge: Dodged            |    68 |   192 ||   260

Table legend: (Time is in decaauts)
 A = Elapsed time spent in this place.
 B = Non-inter-level travel time spent in this place.
 C = Inter-level travel time spent in this place.
 D = Time resting spent in this place.
 E = Time spent auto-exploring this place.
 F = Levels seen in this place.
 G = Mean time per level.
                   A        B        C        D        E       F      G
               +--------+--------+--------+--------+--------+-----+--------+
         Total |   3407 |   3249 |    158 |    136 |   2226 |   5 |  681.4 |
       Dungeon |   2735 |   2577 |    158 |    119 |   1906 |   4 |  683.8 |
       Ossuary |    672 |    672 |      0 |     17 |    320 |   1 |  672.0 |
               +--------+--------+--------+--------+--------+-----+--------+

Top non-repeatable levels by time:
     D:1: 1215 daAuts
     D:2: 871 daAuts
 Ossuary: 672 daAuts
     D:3: 389 daAuts
     D:4: 259 daAuts
